 Dungeon Crawl Stone Soup version 0.28.0-62-gf88900778d (webtiles) character file.

Game seed: 10763691710093458545

2187 cbfl8 the Chopper (level 9, -4/78 HPs)
             Began as a Minotaur Fighter on June 30, 2023.
             Was a Believer of Okawaru.
             Slain by an orc warrior
             ... wielding a +0 long sword
              (17 damage)
             ... on level 6 of the Dungeon.
             The game lasted 00:07:21 (6360 turns).

cbfl8 the Chopper (Minotaur Fighter)                Turns: 6360, Time: 00:07:21

Health: -4/78      AC: -3    Str: 20    XL:     9   Next: 11%
Magic:  0/10       EV: 10    Int:  5    God:    Okawaru [**....]
Gold:   193        SH: 13    Dex: 15    Spells: 8/8 levels left

rFire   . . .      SeeInvis .   a - +1 war axe
rCold   . . .      Faith    .   r - +1 kite shield {AC+3}
rNeg    + . .      Spirit   .   p - +0 chain mail
rPois   +          Reflect  .   (helmet restricted)
rElec   .          Harm     .   k - +0 cloak
rCorr   .          Rampage  .   e - +2 pair of gloves {infuse}
Will    .....                   (no boots)
Stlth   +.........              n - amulet of regeneration
HPRegen 1.03/turn               f - ring of positive energy
MPRegen 0.12/turn               v - ring of poison resistance

@: heroic, corroded
A: horns 2, retaliatory headbutt
a: Renounce Religion, Heroism


You were on level 6 of the Dungeon.
You worshipped Okawaru.
Okawaru was pleased with you.
You visited 2 branches of the dungeon, and saw 8 of its levels.

You collected 963 gold pieces.
You spent 770 gold pieces at shops.

Inventory:

Hand Weapons
 a - a +1 war axe (weapon)
Armour
 e - a +2 pair of gloves of infusion (worn)
 k - a +0 cloak (worn)
 p - a +0 chain mail (worn)
 r - a +1 kite shield of protection (worn)
Jewellery
 f - a ring of positive energy (left hand)
 n - an amulet of regeneration (around neck)
 v - a ring of poison resistance (right hand)
Wands
 g - a wand of acid (10)
 s - a wand of flame (13)
Scrolls
 c - a scroll of noise
 i - a scroll of silence
 l - a scroll of teleportation
 m - a scroll of magic mapping
 u - 2 scrolls of amnesia
Potions
 b - 2 potions of berserk rage
 d - a potion of might
 h - a potion of resistance
 o - 4 potions of lignification
 q - a potion of invisibility {unknown}


   Skills:
 * Level 6.4(11.4) Fighting
 + Level 7.3(12.3) Axes
 + Level 6.3(11.3) Armour
 * Level 3.5(8.5) Dodging
 * Level 3.0(8.0) Stealth
 * Level 6.0(11.0) Shields
 * Level 3.1 Invocations
 * Level 3.7 Evocations


You had 8 spell levels left.
You didn't know any spells.
Your spell library contained the following spells:

 Spells                   Type           Power      Damage    Failure   Level
 Foxfire                  Conj/Fire      0%         2x1d4     100%        1
 Conjure Flame            Conj/Fire      0%         6-21      100%        3
 Frozen Ramparts          Ice            0%         1d2       100%        3
 Inner Flame              Hex/Fire       0%         N/A       100%        3
 Flame Wave               Conj/Fire      0%         2d4       100%        4
 Ice Form                 Ice/Tmut       0%         N/A       100%        4
 Summon Ice Beast         Ice/Summ       Unusable   N/A       N/A         4

Dungeon Overview and Level Annotations

Branches:
Dungeon (7/15)             Temple (1/1) D:4

Altars:
Ashenzari
Cheibriados
Elyvilon
Fedhas
Gozag
Hepliaklqana
Kikubaaqudgha
Makhleb
Nemelex Xobeh
Okawaru
Qazlal
Ru
Sif Muna
Uskayaw
Vehumet
Wu Jian
Xom
Zin
The Shining One

Shops:
D:3 *::

Annotations:
D:3 3 runed translucent doors, cbfl8's ghost, amateur MfBe; cbfl8's ghost, amateur MiBe


Innate Abilities, Weirdness & Mutations

You have a pair of horns on your head.
You reflexively headbutt those who attack you in melee.


Message History

You hit the orc warrior but do no damage.
You barely miss the rust devil. You block the rust devil's attack.
The orc warrior hits you with a +0 long sword!
The rust devil hits you. The rust devil corrodes you!
Unknown command.
You hit the rust devil but do no damage.
Your headbutt misses the rust devil.
The rust devil is heavily wounded.
You closely miss the rust devil.
You hit the orc warrior but do no damage.
The rust devil hits you. The rust devil corrodes you!
The orc warrior hits you with a +0 long sword.
You block the rust devil's attack.
You hit the rust devil but do no damage.
The rust devil is heavily wounded.
You hit the orc warrior but do no damage.
You hit the rust devil but do no damage.
You block the rust devil's attack. You block the orc warrior's attack.
The rust devil hits you. The rust devil corrodes you!
Unknown command.
You hit the orc warrior but do no damage.
The orc warrior is heavily wounded.
You hit the rust devil.
You hit the rust devil but do no damage.
The rust devil hits you. The rust devil corrodes you!
The orc warrior closely misses you. You block the rust devil's attack.
You closely miss the orc warrior.
The orc warrior is heavily wounded.
You barely miss the rust devil.
You hit the rust devil but do no damage.
The rust devil hits you! The rust devil corrodes you!
The orc warrior hits you with a +0 long sword!
* * * LOW HITPOINT WARNING * * *
The rust devil completely misses you. The rust devil hits you.
* * * LOW HITPOINT WARNING * * *
The rust devil corrodes you!
There is a stone staircase leading down here.
The orc warrior hits you with a +0 long sword!
You die...

#........###∩###.............
#...###.##♣...♣##.##.#.......
#...##..#).....)#..#.........
#...##.###.....###^####.....#
#...#..# +..8..+ #.# #.....#
#......###.....###.# #.....#
#...#...#)..)..)#..# #.....#
#####...##♣44o♣##.## #......
###..###@###..# #......
##...###...## #......
###.....### #...... #######
#######


You could see 2 rust devils and an orc warrior.

Vanquished Creatures
  Grinder (D:6)
  An orc warrior (D:6)
  An ice beast (D:6)
  4 necrophages
  A centaur (D:6)
  3 ogres
  2 bullfrogs
  A scorpion (D:6)
  A wyvern skeleton (D:6)
  2 howler monkeys
  A bullfrog zombie (D:6)
  3 orc priests (D:7)
  2 centaur skeletons
  2 hounds (D:4)
  3 jellies
  A bullfrog skeleton (D:5)
  A scorpion zombie (D:5)
  5 iguanas
  4 orc wizards
  Natasha (twice) (D:4)
  2 adders
  A gnoll (D:1)
  An ufetubus (D:5)
  2 worms
  24 orcs
  7 ball pythons
  5 endoplasms
  2 giant cockroaches
  9 goblins
  9 hobgoblins
  7 jackals
  10 kobolds
  7 quokkas
  3 bats
  2 frilled lizards (D:1)
  A jackal skeleton (D:4)
  11 rats
  A spectral goblin (D:2)
145 creatures vanquished.

Vanquished Creatures (others)
  6 withered plants (D:3)
6 creatures vanquished.

Grand Total: 151 creatures vanquished

Notes
Turn   | Place    | Note
-------+----------+-------------------------------------------
     0 | D:1      | cbfl8 the Minotaur Fighter began the quest for the Orb.
     0 | D:1      | Reached XP level 1. HP: 19/19 MP: 0/0
   170 | D:1      | Reached XP level 2. HP: 27/27 MP: 1/1
   576 | D:1      | Reached XP level 3. HP: 26/33 MP: 2/2
  1012 | D:2      | Reached skill level 1 in Evocations
  1125 | D:2      | Found a faded altar of an unknown god.
  1199 | D:2      | Reached skill level 3 in Axes
  1520 | D:3      | Found Egesudda's Book Boutique.
  1546 | D:3      | Reached XP level 4. HP: 26/40 MP: 3/3
  1642 | D:3      | Found Bube Ywk's Book Boutique.
  1671 | D:3      | Found Camni's General Store.
  1680 | D:3      | Bought a potion of curing for 42 gold pieces
  1907 | D:3      | Found a blossoming altar of Fedhas.
  1954 | D:3      | Found a runed translucent gate.
  1954 | D:3      | Found a runed translucent gate.
  1955 | D:3      | Found a runed translucent gate.
  1958 | D:3      | Noticed cbfl8's ghost (amateur MiBe)
  1958 | D:3      | Noticed cbfl8's ghost (amateur MfBe)
  2123 | D:3      | Found Eduipo's Weapon Boutique.
  2199 | D:3      | Found a shimmering blue altar of Sif Muna.
  2555 | D:4      | Noticed Natasha
  2560 | D:4      | Killed Natasha
  2582 | D:4      | Found a staircase to the Ecumenical Temple.
  2588 | D:4      | Noticed a necrophage
  2598 | D:4      | Killed a necrophage
  2599 | D:4      | Reached skill level 4 in Axes
  2599 | D:4      | Reached skill level 5 in Armour
  2599 | D:4      | Reached XP level 5. HP: 47/47 MP: 4/4
  2608 | Temple   | Entered the Ecumenical Temple
  2758 | Temple   | Became a worshipper of Warmaster Okawaru
  2898 | D:4      | Reached skill level 1 in Dodging
  2898 | D:4      | Reached XP level 6. HP: 51/53 MP: 5/5
  2937 | D:4      | Noticed Natasha
  2949 | D:4      | Killed Natasha
  3510 | D:5      | Entered Level 5 of the Dungeon
  3563 | D:5      | Found an ornate altar of the Wu Jian Council.
  3588 | D:5      | Reached skill level 1 in Stealth
  3588 | D:5      | Reached skill level 1 in Invocations
  3595 | D:5      | Reached skill level 5 in Fighting
  3595 | D:5      | Reached skill level 5 in Axes
  3595 | D:5      | Reached XP level 7. HP: 46/61 MP: 6/6
  3745 | D:5      | Found an opulent altar of Gozag.
  3850 | D:5      | HP: 3/60 [ogre/+0 giant spiked club (19)]
  3854 | D:5      | Identified 2 scrolls of acquirement
  3854 | D:5      | Acquired a +2 pair of gloves of infusion
  3861 | D:5      | Reached * piety under Okawaru
  4109 | D:5      | Acquired 640 gold pieces
  4434 | D:6      | Noticed Grinder
  4438 | D:6      | Killed Grinder
  4439 | D:6      | Reached skill level 6 in Axes
  4439 | D:6      | Reached skill level 5 in Shields
  4439 | D:6      | Reached XP level 8. HP: 66/70 MP: 3/8
  4617 | D:3      | Bought a scroll of acquirement for 728 gold pieces
  4617 | D:3      | Acquired a +1 kite shield of protection
  4870 | D:6      | Reached ** piety under Okawaru
  5544 | D:7      | Reached skill level 7 in Axes
  5795 | D:7      | Reached XP level 9. HP: 73/78 MP: 6/10
  6345 | D:6      | Noticed a rust devil
  6345 | D:6      | Noticed a rust devil
  6360 | D:6      | Slain by an orc warrior

Illustrated notes

Levels and vault maps discovered:
D:1:      dpeg_arrival_rhombi, layout_loops_ring, minmay_misc_feat_chi,
          minmay_fountain_box
D:2:      layout_basic, dreamdust_ecumenical_altar_drowned_temple
D:3:      layout_loops_ring, mainiacjoe_overflow_brackets, lemuel_tele_altar,
          serial_shops, shop, nicolae_shop_statue_plus,
          nicolae_shop_advertising_works [nicolae_subvault_shop_adworks],
          nicolae_shop_stone, gammafunk_ghost_cemetery
D:4:      layout_loops_ring, minmay_temple_entry_overgrown, uniq_natasha
D:5:      layout_basic, nicolae_gozag_cash_rules_everything_around_me,
          nicolae_overflow_crystal_walls, minmay_fractal_squares_5
D:6:      cheibrodos_iron_armory, layout_basic, item_on_display_b, uniq_grinder
D:7:      layout_loops_ring
Temple:   regret_index_temple_waves

Skill      XL: |  1  2  3  4  5  6  7  8  9 |
---------------+----------------------------+-----
Fighting       | 4 5 6 |  6.4
Armour         | 4 5 6 |  6.3
Evocations     | 1 2 3 |  3.7
Axes           | 3 4 5 6 7 |  7.3
Shields        | 4 5 6 |  6.0
Dodging        | 1 2 3 |  3.5
Stealth        | 1 2 3 |  3.0
Invocations    | 1 2 3 |  3.1

Action                   |  1- 3 |  4- 6 |  7- 9 || total
-------------------------+-------+-------+-------++-------
Melee: War axe           |    92 |   121 |   124 ||   337
       Headbutt          |    13 |    22 |    28 ||    63
Invok: Heroism           |       |       |     1 ||     1
  Use: Scroll            |     5 |     1 |     8 ||    14
       Potion            |       |       |     4 ||     4
Armor: Scale mail        |    46 |    46 |       ||    92
       Chain mail        |       |     3 |    87 ||    90
       Skin              |       |       |    16 ||    16
Dodge: Dodged            |    47 |    53 |    60 ||   160
Block: Buckler           |    28 |    31 |    18 ||    77
       Kite shield       |       |       |    54 ||    54
